 Dungeon Crawl Stone Soup version 0.24-a0-91-g4e4936a (webtiles) character file.

Game seed: 7850374764221777226

72011 Borgoz the Cleaver (level 15, -2/96 HPs)
             Began as a Gargoyle Gladiator on Feb 9, 2019.
             Was the Champion of Makhleb.
             Killed from afar by an orc sorcerer (9 damage)
             ... with a bolt of negative energy
             ... led by Saint Roka
             ... while paralysed by an orc sorcerer
             ... on level 2 of the Orcish Mines.
             The game lasted 01:40:22 (24207 turns).

Borgoz the Cleaver (Gargoyle Gladiator)            Turns: 24207, Time: 01:40:23

Health: -2/96      AC: 23    Str: 25    XL:     15   Next: 38%
Magic:  0/21       EV:  2    Int: 16    God:    Makhleb [******]
Gold:   808        SH:  0    Dex: 19    Spells: 6/14 levels left

rFire    + . .     SeeInvis .   a - +3 hand axe "Laf Jue" {chop, Int+4}
rCold    + . .     Gourm    .   E - +1 shield of Pedala {rPois rC+ rCorr}
rNeg     + . .     Faith    .   S - +1 ring mail "Apugacky" {rElec Str+6}
rPois    ∞         Spirit   +   U - +1 helmet {Int+3}
rElec    +         Reflect  +   c - scarf {Spirit}
rCorr    +         Harm     .   T - +2 pair of gloves {Dex+3}
MR       ++...                  (no boots)
Stlth    +.........             i - +4 amulet of reflection
HPRegen  0.26/turn              u - ring of protection from magic
MPRegen  0.17/turn              G - +3 ring of evasion

@: paralysed, lightly drained
A: big wings, deformed body, fire resistance 1, negative energy resistance 1,
electricity resistance, unbreathing, petrification resistance, rot immunity, AC
+11
a: Fly, Minor Destruction, Lesser Servant of Makhleb, Major Destruction, Greater
Servant of Makhleb, Renounce Religion


You were on level 2 of the Orcish Mines.
You worshipped Makhleb.
Makhleb was exalted by your worship.
You were very hungry.

You visited 4 branches of the dungeon, and saw 21 of its levels.
You also visited: Sewer, Ossuary, Bailey, Gauntlet, Ice Cave and Volcano.

You collected 1769 gold pieces.
You spent 961 gold pieces at shops.

Inventory:

Hand Weapons
 a - the +3 hand axe "Laf Jue" (weapon) {chop, Int+4}
   (You found it on level 2 of the Lair of Beasts)

   It inflicts extra damage upon your enemies.
   It affects your intelligence (+4).
 b - a +2 demon whip of venom
Missiles
 d - 2 throwing nets
 m - 21 javelins of returning (quivered)
Armour
 c - a scarf of spirit shield (worn)
 A - a +3 chain mail of cold resistance
 E - the +1 shield of Pedala (worn) {rPois rC+ rCorr}
   (You found it in a Gauntlet)

   It protects you from cold.
   It protects you from poison.
   It provides partial protection from all sources of acid and corrosion.
 J - a +1 chain mail of magic resistance
 M - a +0 scale mail of fire resistance
 S - the +1 ring mail "Apugacky" (worn) {rElec Str+6}
   (You found it on level 9 of the Dungeon)

   It affects your strength (+6).
   It insulates you from electricity.
 T - a +2 pair of gloves of dexterity (worn)
 U - a +1 helmet of intelligence (worn)
Jewellery
 i - a +4 amulet of reflection (around neck)
 j - an uncursed ring of protection from cold
 u - a ring of protection from magic (left hand)
 G - a +3 ring of evasion (right hand)
Wands
 F - a wand of iceblast (9)
 O - a wand of disintegration (10)
Scrolls
 e - 7 scrolls of remove curse
 h - 2 scrolls of blinking
 n - 4 scrolls of teleportation
 o - a scroll of fear
 t - 6 scrolls of enchant armour
 Q - a scroll of silence
 W - 2 scrolls of identify
 Y - 2 scrolls of magic mapping
Potions
 l - 3 potions of haste
 B - a potion of cancellation
 I - a potion of curing
 L - a potion of lignification
 P - a potion of resistance
Comestibles
 f - 33 rations


   Skills:
 + Level 12.2(11.9) Fighting
 + Level 14.2(13.8) Axes
 - Level 3.0(2.7) Throwing
 + Level 10.8(10.4) Armour
 + Level 9.8(9.5) Dodging
 + Level 8.5(8.2) Shields
 + Level 0.0 Spellcasting
 + Level 0.0 Translocations
 + Level 8.2(7.9) Invocations
 - Level 4.1(3.8) Evocations


You had 6 spell levels left.
You knew the following spells:

 Your Spells              Type           Power        Failure   Level  Hunger
a - Controlled Blink      Tloc           N/A          100%        8    #######

Your spell library contained the following spells:

 Spells                   Type           Power        Failure   Level  Hunger
 Animate Skeleton         Necr           N/A          63%         1    ##.....
 Apportation              Tloc           #.....       63%         1    ##.....
 Confusing Touch          Hex            #.....       63%         1    ##.....
 Magic Dart               Conj           #...         63%         1    ##.....
 Shock                    Conj/Air       #...         63%         1    ##.....
 Sting                    Conj/Pois      #...         63%         1    ##.....
 Summon Small Mammal      Summ           #...         63%         1    ##.....
 Blink                    Tloc           N/A          77%         2    ###....
 Call Imp                 Summ           #.......     77%         2    ###....
 Poisonous Vapours        Pois/Air       #.....       77%         2    ###....
 Searing Ray              Conj           #.....       77%         2    ###....
 Slow                     Hex            #.......     77%         2    ###....
 Swiftness                Chrm/Air       #.......     77%         2    ###....
 Conjure Flame            Conj/Fire      #.......     94%         3    ####...
 Dazzling Spray           Conj/Hex       #.....       94%         3    ####...
 Mephitic Cloud           Conj/Pois/Air  #.......     94%         3    ####...
 Spectral Weapon          Hex/Chrm       #.......     94%         3    ####...
 Static Discharge         Conj/Air       #.......     94%         3    ####...
 Airstrike                Air            #.........   100%        4    #####..
 Force Lance              Conj/Tloc      #.......     100%        4    #####..
 Fulminant Prism          Conj/Hex       #.........   100%        4    #####..
 Iskenderun's Mystic Bla  Conj           #.......     100%        4    #####..
 Olgreb's Toxic Radiance  Pois           #.......     100%        4    #####..
 Lightning Bolt           Conj/Air       #.........   100%        5    ######.
 Summon Forest            Summ/Tloc      #.........   100%        5    ######.
 Venom Bolt               Conj/Pois      #.........   100%        5    ######.


Dungeon Overview and Level Annotations

Branches:
Dungeon (12/15)            Temple (1/1) D:5            Lair (6/6) D:8
 Shoals (0/4) Lair:4       Spider (0/4) Lair:3        Slime (0/5) Lair:5
    Orc (2/2) D:11            Elf (0/3) Orc:2

Altars:
Ashenzari
Cheibriados
Dithmenos
Elyvilon
Fedhas
Gozag
Hepliaklqana
Kikubaaqudgha
Makhleb
Nemelex Xobeh
Okawaru
Qazlal
Ru
Sif Muna
Trog
Uskayaw
Vehumet
Wu Jian
Xom
Yredelemnul
Zin
The Shining One
Beogh
Jiyva

Shops:
Orc:2 (:[[[*?

Annotations:
Orc:2 Saint Roka


Innate Abilities, Weirdness & Mutations

You are resistant to torment.
Your stone body is resilient. (AC +11)
You are immune to poison.
Your large and strong wings let you fly indefinitely.
You resist negative energy. (rN+)
You are resistant to electric shocks. (rElec)
You can survive without breathing.
You are immune to petrification.
You are immune to rotting.
Armour fits poorly on your strangely shaped body.
Your flesh is heat resistant. (rF+)


Message History

The orc warrior hits you but does no damage.
The orc warrior hits you with a cursed +0 mace!
Saint Roka roars a battlecry!
The orcs go into a battle-frenzy!
You hear a shout!
The orc warrior hits you from afar with a +2 halberd of pain!
The orc warrior hits you but does no damage.
The orc warrior hits you from afar with a +0 trident!
The orc sorcerer hits you but does no damage.
The orc warrior hits you from afar with a +2 halberd of pain!!
The orc warrior hits you with a cursed +0 mace!
The orc sorcerer hits you but does no damage.
The orc warrior hits you from afar with a +0 trident!
The orc warrior hits you from afar with a +2 halberd of pain!!
* * * LOW HITPOINT WARNING * * *
The orc warrior hits you with a cursed +0 mace!
* * * LOW HITPOINT WARNING * * *
The orc sorcerer gestures at you while chanting.
The bolt of negative energy hits you! You partially resist.
You feel drained.
You die...

#.##..##.....................§§§§
##.#...##.....................§§§
#..............................§§
##.............................#§
#....#...............[.........§§
#...#................[.........§.
##.#............[................
#...#..###.....To................
#..##........ooo@................
.4o#.........[o).................
............o.[..................
.................................
###.#######.[######..............
# #.# #.[#...∩#..............
###.#######..#))..#..............
).........)..#))).#..............
....###.###[.##'###..............


You could see Saint Roka, a troll, an orc sorcerer, 3 orc warriors and an orc.

Vanquished Creatures
  2 orc warlords
  A minotaur (Gauntlet)
  Snorg (Lair:3)
  5 hydras
  A ghost crab (Gauntlet)
  A two-headed ogre (D:9)
  4 death yaks (Lair:3)
  7 orc high priests (Orc:2)
  Nergalle (Lair:3)
  Sonja (Lair:6)
  2 skeletal warriors (Volcano)
  The ghost of Lanoc the Poker, a novice DsWn of Xom (D:7)
  2 unseen horrors (D:11)
  2 anaconda skeletons (Volcano)
  Pikel (D:8)
  A necromancer (Lair:3)
  2 ice statues (IceCv)
  9 black mambas
  A centaur zombie (D:11)
  12 elephants
  A smoke demon (Gauntlet)
  3 gargoyles (Volcano)
  23 spiny frogs
  A rime drake (Lair:6)
  8 komodo dragons
  8 ice devils (IceCv)
  A red devil (Gauntlet)
  4 trolls
  A jumping spider (Lair:3)
  Prince Ribbit (D:8)
  3 meliai (Gauntlet)
  4 tyrant leeches (Lair:6)
  5 hippogriffs
  2 slime creatures (D:11)
  18 blink frogs
  3 flying skulls (Volcano)
  A redback (Lair:3)
  Sigmund (D:2)
  An alligator skeleton (Volcano)
  A wyvern (Lair:3)
  2 vampires (D:11)
  A wraith (D:11)
  9 yaks
  4 basilisks
  3 hungry ghosts
  Grum (Lair:1)
  2 steam dragons
  2 insubstantial wisps (D:10)
  6 vampire mosquitoes (Lair:6)
  7 wargs
  Duvessa (D:7)
  18 water moccasins
  8 porcupines
  3 ice beasts
  35 orc warriors
  6 sky beasts
  4 slaves (D:8)
  A black bear (Lair:3)
  17 wolves
  12 ogres
  An elephant zombie (Lair:3)
  21 centaurs
  6 crocodiles
  Blork the orc (D:4)
  2 big kobolds (D:11)
  5 gnoll sergeants (D:11)
  19 bullfrogs
  3 scorpions
  Dowan (D:7)
  13 wights
  5 killer bees (D:7)
  A spriggan skeleton (Volcano)
  6 electric eels
  3 crimson imps
  2 hounds
  Crazy Yiuf (D:7)
  39 orc priests
  4 jellies
  2 bullfrog skeletons
  2 iguanas
  22 orc wizards
  6 worker ants
  3 crocodile zombies (Lair:3)
  A naga skeleton (Volcano)
  A hound skeleton (D:11)
  8 mummies (Ossuary)
  3 worker ant zombies
  3 gnolls (D:11)
  3 river rats (Sewer)
  10 adders
  3 shadow imps
  24 white imps
  3 ufetubi (IceCv)
  4 oozes
  3 adder skeletons
  An adder zombie (D:5)
  2 worms (D:2)
  A dart slug (D:2)
  5 leopard geckos
  121 orcs
  13 bats
  8 giant cockroaches
  16 goblins
  12 hobgoblins
  6 jackals
  3 quokkas
  7 ball pythons
  8 frilled lizards
  4 hobgoblin zombies (Ossuary)
  21 kobolds
  2 kobold zombies (Ossuary)
  2 orc zombies (Ossuary)
  A quokka skeleton (D:6)
  27 rats
  3 fungi
  A plant (Lair:4)
787 creatures vanquished.

Vanquished Creatures (collateral kills)
  A hydra (Lair:2)
1 creature vanquished.

Vanquished Creatures (others)
  A reaper (IceCv)
  A white imp (IceCv)
  4 ufetubi (IceCv)
  3 orcs (Orc:2)
  8 fungi
  39 plants
  A withered plant (D:7)
57 creatures vanquished.

Grand Total: 845 creatures vanquished

Notes
Turn   | Place    | Note
-------+----------+-------------------------------------------
     0 | D:1      | Borgoz the Gargoyle Gladiator began the quest for the Orb.
     0 | D:1      | Reached XP level 1. HP: 12/12 MP: 1/1
   272 | D:1      | Reached XP level 2. HP: 16/18 MP: 2/2
   302 | D:1      | Reached skill level 3 in Axes
   772 | D:2      | Reached XP level 3. HP: 17/22 MP: 3/3
  1423 | D:2      | Noticed Sigmund
  1517 | D:3      | Reached XP level 4. HP: 21/28 MP: 4/4
  1657 | D:3      | Gained mutation: Your flesh is heat resistant. (rF+)
                  | [potion of mutation]
  1657 | D:3      | Gained mutation: You are robust. (+10% HP) [potion of
                  | mutation]
  1670 | D:3      | Reached XP level 5. HP: 14/35 MP: 5/5
  1674 | D:3      | Reached skill level 4 in Axes
  1674 | D:3      | Reached skill level 1 in Armour
  1991 | D:3      | Noticed an ice beast
  2413 | D:2      | Killed Sigmund
  2413 | D:2      | Reached XP level 6. HP: 33/41 MP: 6/6
  2703 | D:2      | Reached XP level 7. HP: 47/47 MP: 7/7
  2920 | D:3      | Reached skill level 5 in Axes
  3178 | D:3      | Found a stormy altar of Qazlal.
  3405 | D:3      | Found an iron altar of Okawaru.
  3936 | D:4      | Found a blossoming altar of Fedhas.
  4057 | D:4      | Found a glowing drain.
  4071 | Sewer    | Entered a sewer
  4272 | Sewer    | Reached XP level 8. HP: 52/52 MP: 8/8
  4311 | Sewer    | Reached skill level 5 in Fighting
  4633 | D:4      | Reached skill level 6 in Axes
  4645 | D:4      | Found a hide-covered altar of Uskayaw.
  4830 | D:4      | Noticed Blork the orc
  4838 | D:5      | Entered Level 5 of the Dungeon
  4956 | D:5      | Found a staircase to the Ecumenical Temple.
  4962 | Temple   | Entered the Ecumenical Temple
  5175 | Temple   | Became a worshipper of Makhleb the Destroyer
  5355 | D:5      | You fall through a shaft for 2 floors!
  5407 | D:7      | Noticed Dowan
  5408 | D:7      | Noticed Duvessa
  5433 | D:7      | Killed Dowan
  5446 | D:7      | Killed Duvessa
  5446 | D:7      | Reached skill level 7 in Axes
  5457 | D:7      | Found a flagged portal.
  5591 | D:6      | Reached skill level 5 in Dodging
  5591 | D:6      | Reached XP level 9. HP: 39/60 MP: 9/9
  5717 | Bailey   | Entered a bailey
  5741 | Bailey   | Reached * piety under Makhleb
  5778 | Bailey   | Reached skill level 8 in Axes
  5962 | Bailey   | Got a scintillating bone ring
  6338 | Bailey   | Identified a scroll of acquirement
  6346 | Bailey   | Identified the ring of Ycwuugy {rN+ Str+2 Slay-6 SInv} (You
                  | found it in a bailey)
  6380 | Bailey   | HP: 3/62 [orc warrior/cursed +0 halberd (16)]
  6642 | Bailey   | Reached skill level 1 in Shields
  6897 | Bailey   | Reached XP level 10. HP: 55/69 MP: 10/10
  6937 | Bailey   | Reached ** piety under Makhleb
  7315 | D:5      | Reached skill level 9 in Axes
  7492 | D:4      | Found a glowing golden altar of the Shining One.
  7492 | D:4      | Found a snail-covered altar of Cheibriados.
  7492 | D:4      | Found a deep blue altar of Sif Muna.
  7603 | D:4      | Killed Blork the orc
  8134 | D:6      | Found a hazy altar of Hepliaklqana.
  8137 | D:6      | Found a shimmering altar of Xom.
  8138 | D:6      | Noticed a spectral ugly thing
  8670 | D:7      | Found a runed translucent door.
  8671 | D:7      | Noticed Lanoc's ghost (novice DsWn)
  8772 | D:7      | Found a runed translucent door.
  8773 | D:7      | Noticed Crazy Yiuf
  8859 | D:7      | Killed Crazy Yiuf
  9015 | D:8      | Found a sand-covered staircase.
  9019 | Ossuary  | Entered an ossuary
  9026 | Ossuary  | Reached *** piety under Makhleb
  9404 | D:8      | Noticed Prince Ribbit
  9492 | D:8      | Reached skill level 5 in Armour
  9755 | D:8      | Found a sacrificial altar of Ru.
  9854 | D:8      | Noticed Pikel
  9872 | D:8      | Killed Pikel
  9966 | D:8      | Found a staircase to the Lair.
  9976 | D:8      | Killed Prince Ribbit
  9976 | D:8      | Reached skill level 10 in Axes
  9976 | D:8      | Reached XP level 11. HP: 69/75 MP: 11/11
 10494 | D:9      | Found a white marble altar of Elyvilon.
 10520 | D:9      | Reached **** piety under Makhleb
 10625 | D:9      | Got a warped ring mail
 10636 | D:9      | Identified the cursed +1 ring mail "Apugacky" {rElec Str+6}
                  | (You found it on level 9 of the Dungeon)
 11119 | D:10     | Entered Level 10 of the Dungeon
 11137 | D:10     | Noticed a two-headed ogre
 11157 | D:9      | Killed a two-headed ogre
 11956 | D:11     | Reached ***** piety under Makhleb
 11964 | D:11     | Reached skill level 5 in Shields
 12056 | D:11     | Killed an unseen horror
 12114 | D:11     | Killed an unseen horror
 12230 | D:11     | Found a staircase to the Orcish Mines.
 12268 | D:11     | Reached skill level 11 in Axes
 12347 | D:11     | Noticed a five-headed hydra
 12747 | D:12     | Noticed a death knight
 12747 | D:12     | Noticed a phantasmal warrior
 12754 | D:11     | Reached XP level 12. HP: 83/83 MP: 12/12
 12766 | D:12     | Noticed a two-headed ogre
 12857 | Lair:1   | Entered Level 1 of the Lair of Beasts
 12857 | Lair:1   | Found a gate leading to a gauntlet.
 12943 | Lair:1   | Reached skill level 1 in Invocations
 12966 | Gauntlet | Entered a Gauntlet
 12966 | Gauntlet | Found a transporter.
 12966 | Gauntlet | Found a transporter.
 12966 | Gauntlet | Found a transporter.
 12970 | Gauntlet | Found a transporter.
 12971 | Gauntlet | Found a transporter.
 12980 | Gauntlet | Noticed a ghost crab
 12981 | Gauntlet | Found a transporter.
 12985 | Gauntlet | Found a transporter.
 12998 | Gauntlet | Noticed a great orb of eyes
 13000 | Gauntlet | Found a transporter.
 13001 | Gauntlet | Found a transporter.
 13023 | Gauntlet | Found a transporter.
 13023 | Gauntlet | Noticed a ghost crab
 13071 | Gauntlet | Found a transporter.
 13140 | Gauntlet | Killed a ghost crab
 13212 | Gauntlet | Found a transporter.
 13222 | Gauntlet | Identified the Collected Works on Captivating Orientation
 13397 | Gauntlet | Noticed a minotaur
 13410 | Gauntlet | Killed a minotaur
 13445 | Gauntlet | Got a transparent shield
 13472 | Gauntlet | Identified the +1 shield of Pedala {rPois rC+ rCorr} (You
                  | found it in a Gauntlet)
 13654 | Lair:1   | Reached skill level 10 in Fighting
 13812 | Lair:1   | Noticed Grum
 13828 | Lair:1   | Killed Grum
 14465 | Lair:1   | Reached skill level 12 in Axes
 14837 | Lair:2   | Got a bone hand axe
 14869 | Lair:2   | Identified the cursed +3 hand axe "Laf Jue" {chop, Int+4}
                  | (You found it on level 2 of the Lair of Beasts)
 15078 | Lair:2   | Noticed a seven-headed hydra
 15090 | Lair:2   | Killed a seven-headed hydra
 15420 | Lair:3   | Reached XP level 13. HP: 90/91 MP: 13/16
 15491 | Lair:3   | Noticed Snorg
 15522 | Lair:3   | Killed Snorg
 15694 | Lair:3   | Got a steaming trident
 15822 | Lair:3   | Reached skill level 5 in Invocations
 16455 | Lair:3   | Noticed Nergalle
 16501 | Lair:3   | Killed Nergalle
 16637 | Lair:3   | Found a hole to the Spider Nest.
 16971 | Lair:4   | Found a dark tunnel.
 16984 | Volcano  | Entered a volcano
 17769 | Lair:1   | Identified the +5 trident of Valour {pierce, rElec rF+ rC+
                  | SInv} (You found it on level 3 of the Lair of Beasts)
 18022 | Lair:4   | Reached skill level 13 in Axes
 18078 | Lair:4   | Found a staircase to the Shoals.
 18570 | Lair:5   | HP: 2/92 [blink frog (8)]
 18755 | Lair:5   | Reached skill level 1 in Evocations
 18920 | Lair:5   | Gained mutation: Your large and strong wings let you fly
                  | indefinitely. [Gargoyle growth]
 18920 | Lair:5   | Reached XP level 14. HP: 99/99 MP: 13/18
 18993 | Lair:5   | Found a staircase to the Slime Pits.
 19019 | Lair:5   | Found a viscous altar of Jiyva.
 19626 | Lair:6   | Entered Level 6 of the Lair of Beasts
 19796 | Lair:6   | Reached skill level 10 in Armour
 20245 | Lair:6   | Got a jewelled chain mail
 20251 | Lair:6   | Identified the +6 chain mail "Peafusy" {rN+ Int+2} (You
                  | found it on level 6 of the Lair of Beasts)
 20423 | Lair:6   | Found a shimmering altar of Xom.
 20503 | Lair:6   | Noticed Sonja
 20511 | Lair:6   | Killed Sonja
 21376 | D:7      | Killed Lanoc's ghost
 21463 | Orc:1    | Entered Level 1 of the Orcish Mines
 21481 | Orc:1    | Reached ****** piety under Makhleb
 21711 | Orc:2    | Entered Level 2 of the Orcish Mines
 21824 | Orc:2    | Reached XP level 15. HP: 105/105 MP: 16/20
 21857 | Orc:2    | Found a roughly hewn altar of Beogh.
 21879 | Orc:2    | Reached skill level 14 in Axes
 21887 | Orc:2    | Lost mutation: You are robust. (+10% HP) [a neqoxec]
 21888 | Orc:2    | Gained mutation: Armour fits poorly on your strangely
                  | shaped body. [a neqoxec]
 21905 | Orc:2    | Found Zylaokh's Armour Emporium.
 21905 | Orc:2    | Found Caix's Antique Armour Shop.
 21965 | Orc:2    | Noticed an orc warlord
 21988 | Orc:2    | Found a frozen archway.
 21997 | Orc:2    | Killed an orc warlord
 22032 | IceCv    | Entered an ice cave
 22606 | Orc:2    | Bought a pair of pitted gloves for 275 gold pieces
 22611 | Orc:2    | Identified the +2 pair of gloves of Boyvueve {MR- rCorr
                  | Int+2 Dex+5 Stlth+} (You bought it in a shop on level 2 of
                  | the Orcish Mines)
 22625 | Orc:2    | Found a staircase to the Elven Halls.
 22805 | Orc:2    | Found Palucronk's Magic Scroll Boutique.
 22826 | Orc:2    | Noticed an orc warlord
 23191 | Orc:1    | Killed an orc warlord
 23450 | Orc:2    | Found Koenij's Antique Weapon Shop.
 23503 | Orc:2    | Noticed Saint Roka
 23506 | Orc:2    | Found Unoridgh's Book Shoppe.
 23595 | Orc:2    | Found Appam's Armour Emporium.
 23634 | Orc:2    | Bought a +2 pair of gloves of dexterity for 258 gold pieces
 23659 | Orc:2    | Found Muymiapre's Assorted Antiques.
 23686 | Orc:2    | Bought 3 scrolls of identify for 198 gold pieces
 23686 | Orc:2    | Bought a scroll of magic mapping for 115 gold pieces
 23686 | Orc:2    | Bought a scroll of magic mapping for 115 gold pieces
 23695 | Orc:2    | Learned a level 8 spell: Controlled Blink
 24203 | Orc:2    | Paralysed by an orc sorcerer for 6 turns
 24207 | Orc:2    | Killed from afar by an orc sorcerer

Levels and vault maps discovered:
D:1:      minmay_arrival_stair_chambers, layout_basic, serial_rivers,
          chequers_serial_rivers_room_a, chequers_serial_rivers_small_3,
          chequers_serial_rivers_micro_e, chequers_serial_rivers_small_3,
          chequers_serial_rivers_micro_e, chequers_serial_rivers_room_b
D:2:      layout_basic, minmay_tetromino_l4, uniq_sigmund
D:3:      layout_basic, old_standard_altar, lemuel_coloured_pillars_altar
D:4:      layout_cave_pools, nicolae_overflow_hidden_temple,
          cheibrodos_sewer_entry_drain, uniq_blork_the_orc
D:5:      layout_rooms, minmay_temple_entry_hall, first_ration,
          grunt_ministairs_11
D:6:      layout_rooms, regret_index_temple_of_mockery
D:7:      layout_rooms, enter_bailey_3, gammafunk_ghost_grave, uniq_duvessa,
          uniq_crazy_yiuf_cottage
D:8:      layout_cave_pods, lemuel_crystal_altar, lair_entry_dummy,
          enter_ossuary_5, grunt_ogre_cave, uniq_prince_ribbit1, uniq_pikel
D:9:      layout_gridville, lemuel_round_altar
D:10:     layout_basic, corexii_hall_statues_u, hangedman_misty_isle
D:11:     layout_loops_ring, kennysheep_orc_monster_closet_entryway
D:12:     layout_cross, nicolae_elemental_shop, xom_redecorated
Temple:   minmay_temple_curvy_loop
Lair:1:   layout_cave_pods, gauntlet_entry_generic, beast_lair_carwin_4,
          uniq_grum
Lair:2:   layout_roguey
Lair:3:   pond_and_an_island_with_a_cottage, layout_regular_city,
          spider_nest_entry_funnel_web, minmay_stone_trees_small, uniq_snorg,
          uniq_nergalle
Lair:4:   layout_cave_pods, minmay_shoals_entry_centaurs, serial_bayou,
          serial_bayou_pond_e, serial_bayou_pond_a, serial_bayou_shore_b,
          serial_bayou_pond_b, nicolae_volcano_entry_lava_flow
Lair:5:   layout_cave_pods, slime_altar_1, grunt_megastairs_3
Lair:6:   minmay_lair_end_frog_pond, layout_loops_ring, basic_altar,
          lemuel_fruit_fields, uniq_sonja
Orc:1:    layout_caves
Orc:2:    st_orc_town, layout_caves, serial_shops, shop, shop,
          nicolae_shop_statue_plus, portal_ice_cave_entry_imps,
          statue_in_the_mist_lemuel, uniq_saint_roka
Sewer:    sewer_minmay_treatment
Ossuary:  ossuary_tomb_3
Bailey:   bailey_polearm_flooded_kennysheep, bailey
IceCv:    ice_cave_small_demon
Volcano:  volcano_tomb [vts_original]
Gauntlet: gammafunk_gauntlet_hard_choice [gammafunk_gauntlet_arena_arrow_garden,
          gammafunk_gauntlet_arena_open, nicolae_gauntlet_arena_flowing_pool,
          gammafunk_gauntlet_arena_split_diamond,
          gammafunk_gauntlet_arena_chambers, gammafunk_gauntlet_arena_grid,
          gauntlet_exit_watery]

Skill      XL: |  1  2  3  4  5  6  7  8  9 10 11 12 13 14 15 |
---------------+----------------------------------------------+-----
Axes           | 3 4 5 7 8 10 11 12 13 14 | 14.2
Fighting       | 3 4 6 7 8 9 10 11 12 | 12.2
Dodging        | 3 4 5 6 7 8 9 |  9.8
Armour         | 2 3 5 7 8 9 10 | 10.8
Throwing       | 2 3 |  3.0
Shields        | 1 4 5 6 8 |  8.5
Invocations    | 4 6 7 8 |  8.2
Evocations     | 1 3 4 |  4.1

Action                   |  1- 3 |  4- 6 |  7- 9 | 10-12 | 13-15 || total
-------------------------+-------+-------+-------+-------+-------++-------
Melee: War axe           |   123 |    96 |   483 |   188 |       ||   890
       Halberd           |       |       |    15 |       |       ||    15
       Battleaxe         |       |       |       |   594 |       ||   594
       Hand axe          |       |       |       |    27 |  1701 ||  1728
       Whip              |       |       |       |    21 |   288 ||   309
 Fire: Blowgun           |       |       |    21 |     4 |       ||    25
Throw: Javelin           |       |       |     8 |    17 |     7 ||    32
       Throwing net      |       |       |     3 |       |       ||     3
Invok: Lesser Servant of |       |       |       |     2 |     3 ||     5
 Abil: Fly               |       |       |       |       |     1 ||     1
       Stop Flying       |       |       |       |       |     1 ||     1
Evoke: Wand              |       |     2 |       |     1 |    44 ||    47
  Use: Scroll            |     5 |     2 |     8 |    17 |    13 ||    45
       Potion            |     1 |     5 |    18 |     7 |    19 ||    50
 Stab: Invisible         |       |       |    13 |       |    23 ||    36
       Sleeping          |       |       |       |     2 |       ||     2
       Distracted        |       |       |       |       |     3 ||     3
  Eat: Chunk             |     2 |     4 |    14 |    28 |    24 ||    72
       Ration            |       |       |       |     2 |     2 ||     4
Armor: Leather armour    |    74 |       |   100 |    97 |    18 ||   289
       Scale mail        |       |    42 |   168 |       |       ||   210
       Skin              |       |     8 |    17 |       |       ||    25
       Ring mail         |       |       |       |   275 |   341 ||   616
       Chain mail        |       |       |       |       |    98 ||    98
Dodge: Dodged            |   105 |    66 |   577 |   995 |  1014 ||  2757
Block: Shield            |       |       |    67 |    86 |  1207 ||  1360
       Reflection        |       |       |       |       |    22 ||    22

Table legend:
 A = Non-vault XP
 B = Vault XP
 C = Vault XP percentage of total XP
 D = Non-vault monster count
 E = Vault monster count
 F = Vault count percentage of total count
                 A         B        C        D         E       F
            +---------+---------+-------+---------+---------+-------
      Total |   55389 |   47485 |  46.2 |     434 |     348 |  44.5
            +---------+---------+-------+---------+---------+-------
        D:1 |      31 |       0 |   0.0 |      18 |       0 |   0.0
        D:2 |     135 |     234 |  63.4 |      31 |       5 |  13.9
        D:3 |     490 |       0 |   0.0 |      24 |       0 |   0.0
        D:4 |     381 |     104 |  21.4 |      17 |       4 |  19.0
        D:5 |     549 |     115 |  17.3 |      14 |       2 |  12.5
        D:6 |     833 |       0 |   0.0 |      27 |       0 |   0.0
        D:7 |     959 |    1029 |  51.8 |      19 |       8 |  29.6
        D:8 |    2277 |    1038 |  31.3 |      29 |       3 |   9.4
        D:9 |    1746 |     129 |   6.9 |      26 |       1 |   3.7
       D:10 |     421 |     705 |  62.6 |       5 |       5 |  50.0
       D:11 |    5892 |    1737 |  22.8 |      31 |      20 |  39.2
     Lair:1 |    4901 |     958 |  16.4 |      21 |       7 |  25.0
     Lair:2 |    2770 |       0 |   0.0 |      11 |       0 |   0.0
     Lair:3 |    6039 |    3252 |  35.0 |      16 |       9 |  36.0
     Lair:4 |    4799 |     541 |  10.1 |      16 |       4 |  20.0
     Lair:5 |    5001 |     928 |  15.7 |      20 |       8 |  28.6
     Lair:6 |   11346 |   13004 |  53.4 |      32 |      46 |  59.0
      Orc:1 |    2312 |     489 |  17.5 |      14 |       2 |  12.5
      Orc:2 |    4507 |    7959 |  63.8 |      63 |      74 |  54.0
      Sewer |       0 |     133 | 100.0 |       0 |      48 | 100.0
    Ossuary |       0 |     152 | 100.0 |       0 |      16 | 100.0
     Bailey |       0 |    2285 | 100.0 |       0 |      39 | 100.0
      IceCv |       0 |    3795 | 100.0 |       0 |      25 | 100.0
    Volcano |       0 |    4965 | 100.0 |       0 |      13 | 100.0
   Gauntlet |       0 |    3933 | 100.0 |       0 |       9 | 100.0
            +---------+---------+-------+---------+---------+-------
